 Dungeon Crawl Stone Soup version 0.31.0-4-g52a2dc7128 (webtiles) character file.

Game seed: 4456184700092059337

3161 Sweeb the Thaumaturge (level 9, -4/62 HPs)
             Began as an Octopode Conjurer on Jan 20, 2024.
             Slain by a hornet (9 damage)
             ... on level 9 of the Dungeon on Jan 22, 2024.
             The game lasted 00:26:32 (11058 turns).

Sweeb the Thaumaturge (Octopode Conjurer)          Turns: 11058, Time: 00:26:33

Health: -4/62      AC:  1    Str:  6    XL:     9   Next: 94%
Magic:  14/21      EV: 14    Int: 25    God:
Gold:   125        SH:  0    Dex: 10    Spells: 18/24 levels left

rFire   . . .        (no weapon)
rCold   . . .        (no shield)
rNeg    . . .        (helmet restricted)
rPois   .            a - amulet of regeneration
rElec   .            d - ring of see invisible
rCorr   .            (no ring)
SInv    +            (no ring)
Will    .....        (no ring)
Stlth   +++          (no ring)
HPRegen 1.10/turn    (no ring)
MPRegen 0.17/turn    (no ring)
                     (no ring)

%: no passive effects
@: lethally poisoned (-4 -> -8), slowed, very slow
A: almost no armour, amphibious, 8 rings, camouflage 1, gelatinous body 1,
(nimble swimmer 1), tentacles
a: no special abilities


You were on level 9 of the Dungeon.
You visited 1 branch of the dungeon, and saw 9 of its levels.
You also visited: Ossuary.

You collected 307 gold pieces.
You spent 182 gold pieces at shops.

Inventory:

Jewellery
 a - an amulet of regeneration (around mantle)
 d - a ring of see invisible (left tentacle)
Wands
 l - a wand of iceblast (5)
 o - a wand of flame (13)
 p - a wand of digging (6)
Scrolls
 h - a scroll of torment
 j - a scroll of vulnerability
 m - 2 scrolls of teleportation
Potions
 b - a potion of curing
 c - a potion of might
 e - a potion of heal wounds
 f - a potion of lignification
 g - a potion of resistance
 i - a potion of attraction
 k - a potion of degeneration


   Skills:
 + Level 5.8 Fighting
 + Level 6.3 Dodging
 - Level 2.6 Stealth
 * Level 8.1 Spellcasting
 + Level 7.3 Conjurations


You had 18 spell levels left.
You knew the following spells:

 Your Spells              Type           Power      Damage    Failure   Level
a - Magic Dart            Conj           100%       1d8       1%          1
b - Searing Ray           Conj           92%        2d7       1%          2
c - Dazzling Flash        Conj/Hex       56%        N/A       4%          3

Your spell library contained the following spells:

 Spells                   Type           Power      Damage    Failure   Level
 Foxfire                  Conj/Fire      100%       2x1d9     1%          1
 Static Discharge         Conj/Air       56%        3-6/arc   1%          2
 Stone Arrow              Conj/Erth      56%        3d10      4%          3
 Apportation              Tloc           20%        N/A       6%          1
 Mephitic Cloud           Conj/Alch/Air  22%        N/A       7%          3
 Jinxbite                 Hex            20%        N/A       9%          2
 Fulminant Prism          Conj/Alch      14%        3d9       13%         4
 Iskenderun's Mystic Bla  Conj/Tloc      28%        2d7       13%         4
 Airstrike                Air            5%         2d(1-17)  52%         4
 Summon Lightning Spire   Summ/Air       10%        N/A       52%         4
 Alistair's Intoxication  Alch           6%         N/A       86%         5
 Curse of Agony           Necr           10%        N/A       86%         5
 Silence                  Hex/Air        5%         N/A       86%         5
 Starburst                Conj/Fire      14%        6d6       90%         6
 Plasma Beam              Fire/Air       5%         2x1d15    100%        6
 Sculpt Simulacrum        Ice/Alch       5%         N/A       100%        6
 Ozocubu's Refrigeration  Ice            5%         4d8       100%        7
 Lehudib's Crystal Spear  Conj/Erth      14%        10d5      100%        8
 Polar Vortex             Ice            5%         N/A       100%        9
 Animate Armour           Summ/Erth      Unusable   N/A       N/A         4

Dungeon Overview and Level Annotations

Branches:
Dungeon (9/15)            Ossuary (visited)
 Temple: D:4-7         Lair: D:8-11         Orc: D:9-12

Altars:
Ashenzari
Cheibriados
Elyvilon
Hepliaklqana
Kikubaaqudgha
Makhleb
Nemelex Xobeh
Xom

Shops:
D:6 !

Annotations:
D:4 2 transporters, scisormetimb3rs's ghost, amateur OpSh
D:7 Dowan; Duvessa; Joseph; Prince Ribbit


Innate Abilities, Weirdness & Mutations

You cannot wear most types of armour.
You are amphibious.
You can wear up to eight rings at the same time.
Your skin changes colour to match your surroundings (Stealth+).
Your rubbery body absorbs attacks. (AC +1, EV +1)
((You are camouflaged when in or above water. (Stealth+)))
You have tentacles for arms and can constrict up to eight enemies at once.


Message History

Casting: Searing Ray (safe; 1% risk of failure)
Confirm with . or Enter, or press ? or * to list all spells.
Aiming: Searing Ray (safe; 1% risk of failure)
Press: ? - help, Shift-Dir - straight line, f - hornet
Aim: a hornet (asleep, 100% to hit)
The searing ray hits the hornet but does no damage. (Press . to maintain the ray.)
The searing ray hits the hornet.
The hornet is lightly wounded.
The searing ray hits the hornet!
The hornet is moderately wounded.
The hornet closely misses you. The hornet stings you.
You are poisoned.
You feel yourself slow down.
The searing ray hits the hornet!
The hornet is severely wounded.
You finish channelling your searing ray.
You feel very sick. The hornet stings you!!
You feel as though you will be slow longer.
The hornet closely misses you.
Unknown command.
Casting: Searing Ray (safe; 1% risk of failure)
Confirm with . or Enter, or press ? or * to list all spells.
Aiming: Searing Ray (safe; 1% risk of failure)
Press: ? - help, Shift-Dir - straight line, f/p - hornet
Aim: a hornet (severely wounded, 73% to hit)
The searing ray hits the hornet.
The hornet is severely wounded. (Press . to maintain the ray.)
You feel sick. The hornet closely misses you. The hornet stings you!!
You are more poisoned.
You feel as though you will be slow longer.
The searing ray misses the hornet.
You feel very sick. The hornet stings you!
* * * LOW HITPOINT WARNING * * *
You feel as though you will be slow longer.
The hornet stings you!
You die...

#.#.......................[......
#.#.#############.......#.#.....#
#...# ###.....#.####### #.###
#######.....# #.###############
#####.# #>..............#
########......#.## # #^..)..#..#
# #......##@# # #......##y.# #
#......###..# # #..(...# #.# #
######## .. # ### # #


You could see a hornet.

Vanquished Creatures
  A wyvern (D:8)
  A yak (D:8)
  A steam dragon (D:8)
  Edmund (D:6)
  4 black bears
  An ogre (D:6)
  2 elf zombies (Ossuary)
  Blork the orc (D:6)
  4 scorpions
  6 bullfrogs
  3 killer bees (D:8)
  3 howler monkeys (D:9)
  2 human zombies (Ossuary)
  A centaur zombie (Ossuary)
  5 hounds
  4 jellies
  3 orc priests
  A gnoll bouda (D:8)
  2 iguanas
  2 sleepcaps
  3 orc wizards
  Terence (D:2)
  4 hound zombies (Ossuary)
  3 mummies
  Robin (D:2)
  7 gnolls
  11 adders
  6 ufetubi
  5 adder zombies (Ossuary)
  2 dart slugs
  4 ribbon worms
  13 orcs
  5 ball pythons
  6 endoplasms
  2 giant cockroaches (D:1)
  7 gnoll zombies (Ossuary)
  13 goblins
  8 hobgoblins
  5 kobolds
  4 bats
  2 frilled lizards
  6 jackal zombies (Ossuary)
  5 kobold zombies (Ossuary)
  6 orc zombies
  6 rats
183 creatures vanquished.

Notes
Turn   | Place    | Note
-------+----------+-------------------------------------------
     0 | D:1      | Sweeb the Octopode Conjurer began the quest for the Orb.
     0 | D:1      | Reached XP level 1. HP: 11/11 MP: 3/3
   192 | D:1      | Reached XP level 2. HP: 18/18 MP: 0/5
   551 | D:1      | Found a faded altar of an unknown god.
  1215 | D:2      | Reached skill level 1 in Fighting
  1215 | D:2      | Reached XP level 3. HP: 23/23 MP: 1/6
  1538 | D:2      | Reached XP level 4. HP: 28/28 MP: 5/8
  1541 | D:2      | Learned a level 2 spell: Searing Ray
  2006 | D:2      | Noticed Terence
  2021 | D:2      | Killed Terence
  2022 | D:2      | Reached skill level 3 in Spellcasting
  2096 | D:2      | Upgraded the game from 0.31.0-2-g5a2aebc5c2 to
                  | 0.31.0-4-g52a2dc7128
  2460 | D:2      | Noticed Robin
  2482 | D:2      | Killed Robin
  2483 | D:2      | Reached XP level 5. HP: 17/34 MP: 0/9
  3408 | D:3      | You fall into a shaft and drop 1 floor!
  3450 | D:4      | Reached XP level 6. HP: 28/39 MP: 3/11
  3567 | D:4      | Reached skill level 4 in Spellcasting
  4020 | D:3      | Identified the +1 cloak "Pimpay" {rElec rPois rF+++ Will+}
  4053 | D:3      | Found a shimmering altar of Xom.
  4068 | D:3      | Found a sparkling altar of Nemelex Xobeh.
  4070 | D:3      | Found a hazy altar of Hepliaklqana.
  4070 | D:3      | Found a burning altar of Makhleb.
  4072 | D:3      | Found an ancient bone altar of Kikubaaqudgha.
  4075 | D:3      | Found a snail-covered altar of Cheibriados.
  4115 | D:3      | Reached skill level 5 in Conjurations
  4512 | D:4      | Learned a level 3 spell: Dazzling Flash
  4602 | D:4      | Found a transporter.
  4603 | D:4      | Noticed scisormetimb3rs's ghost (amateur OpSh)
  4604 | D:4      | Identified the +2 great mace of Death's Door {freeze, rCorr
                  | Dex+3}
  4644 | D:4      | Found a transporter.
  4938 | D:5      | Entered Level 5 of the Dungeon
  4969 | D:5      | Found a broken altar of Ashenzari.
  5033 | D:5      | Found a sand-covered staircase.
  5092 | Ossuary  | Entered an ossuary
  5170 | Ossuary  | Reached XP level 7. HP: 45/45 MP: 6/13
  6076 | Ossuary  | Reached skill level 5 in Spellcasting
  6437 | D:5      | Reached XP level 8. HP: 54/54 MP: 3/16
  7436 | D:6      | Noticed Edmund
  7475 | D:6      | Killed Edmund
  7639 | D:6      | Reached skill level 6 in Spellcasting
  7822 | D:6      | Reached skill level 5 in Dodging
  8036 | D:6      | Noticed Blork the orc
  8177 | D:6      | Killed Blork the orc
  8215 | D:6      | Reached XP level 9. HP: 59/59 MP: 7/19
  8529 | D:6      | Found Fusus's Distillery.
  8536 | D:6      | Bought a potion of might for 52 gold pieces
  8536 | D:6      | Bought 2 potions of heal wounds for 130 gold pieces
  8891 | D:6      | HP: 2/60 [iguana (6)]
  8986 | D:6      | Reached skill level 7 in Spellcasting
  9028 | D:6      | Found a white marble altar of Elyvilon.
  9311 | D:7      | Noticed Joseph
  9540 | D:7      | Reached skill level 5 in Fighting
  9793 | D:8      | HP: 2/61 [killer bee (9)]
  9999 | D:7      | Noticed Prince Ribbit
  9999 | D:7      | Noticed Dowan
  9999 | D:7      | Noticed Duvessa
 10807 | D:8      | Reached skill level 8 in Spellcasting
 11049 | D:9      | Noticed a hornet
 11058 | D:9      | Slain by a hornet

Illustrated notes

Levels and vault maps discovered:
D:1:      dpeg_arrival_round_a, layout_basic,
          shapermc_ecumenical_altar_flowoftime
D:2:      layout_loops_cross, roderic_serpentine_path, uniq_robin, uniq_terence
D:3:      layout_loops_ring, minitemple
D:4:      layout_gridville, temple_statues, gammafunk_ghost_smash,
          minmay_increasing_density
D:5:      layout_basic, nicolae_ashenzari_panopticon, nicolae_ossuary_entry_giza
D:6:      layout_basic, mainiacjoe_overflow_brackets, serial_shops,
          nicolae_shop_competitors_out_of_business, minmay_crystal_room,
          grunt_ministairs_8, uniq_blork_the_orc, uniq_edmund
D:7:      layout_cave_pools, nicolae_uskayaw_suspiria,
          eino_small_chamber_without_monster, nicolae_shop_fire_sale
          [nicolae_sub_dead_trees], minmay_misc_feat_hallway, uniq_joseph,
          uniq_prince_ribbit1, uniq_duvessa
D:8:      layout_loops_ring, minmay_misc_feat_secret_circle
D:9:      layout_basic, minivault_27

Skill      XL: |  1  2  3  4  5  6  7  8  9 |
---------------+----------------------------+-----
Fighting       | 1 2 3 4 5 |  5.8
Spellcasting   | 3 4 5 6 8 |  8.1
Dodging        | 3 4 5 6 |  6.3
Conjurations   | 5 6 7 |  7.3
Stealth        | |  2.6

Action                     |  1- 3 |  4- 6 |  7- 9 || total
---------------------------+-------+-------+-------++-------
  Melee: Unarmed           |    26 |    19 |    51 ||    96
         Constrict         |     5 |     6 |     9 ||    20
         Punch             |     2 |     1 |     1 ||     4
         Tentacles         |     3 |     3 |    14 ||    20
   Cast: Magic Dart        |    41 |   117 |   211 ||   369
         Searing Ray       |       |    18 |    46 ||    64
         Dazzling Flash    |       |       |     3 ||     3
  Evoke: Wand              |       |       |     3 ||     3
    Use: Potion            |       |     1 |    10 ||    11
         Scroll            |       |     9 |     9 ||    18
   Stab: Sleeping          |     1 |       |       ||     1
 Armour: Skin              |    14 |    30 |   163 ||   207
  Dodge: Dodged            |    26 |    34 |   178 ||   238
